 Dungeon Crawl Stone Soup version 0.26.1-11-gd32895ea62 (webtiles) character file.

Game seed: 3816006127385027898

306 nothank2 the Firebug (level 6, -1/45 HPs)
             Began as a Draconian Fire Elementalist on July 11, 2021.
             Was a Follower of Vehumet.
             Killed from afar by Blork the orc (12 damage)
             ... with a puff of frost
             ... on level 4 of the Dungeon.
             The game lasted 00:26:28 (4146 turns).

nothank2 the Firebug (Draconian Fire Elementalist)  Turns: 4146, Time: 00:26:29

Health: -1/45      AC:  7    Str: 10    XL:     6   Next: 16%
Magic:  2/11       EV: 12    Int: 17    God:    Vehumet [*.....]
Gold:   196        SH:  0    Dex: 12    Spells: 2/12 levels left

rFire    . . .     SeeInvis .   e - +2 short sword (flame)
rCold    . . .     Faith    .   (no shield)
rNeg     . . .     Spirit   .   (armour unavailable)
rPois    .         Reflect  .   (helmet restricted)
rElec    .         Harm     .   g - +0 cloak
rCorr    .         Rampage  .   (no gloves)
Will     .....                  (no boots)
Stlth    ++........             (no amulet)
HPRegen  0.15/turn              o - ring of wizardry
MPRegen  0.12/turn              (no ring)

@: very slightly contaminated
A: unfitting armour, cold-blooded, AC +6
a: Renounce Religion


You were on level 4 of the Dungeon.
You worshipped Vehumet.
Vehumet was aware of your devotion.
You visited 1 branch of the dungeon, and saw 5 of its levels.

You collected 196 gold pieces.

Inventory:

Hand Weapons
 d - a +0 mace
 e - a +2 short sword of flaming (weapon)
 p - a +2 vorpal hand crossbow
Missiles
 a - 21 poisoned darts
Armour
 g - a +0 cloak (worn)
Jewellery
 o - a ring of wizardry (left hand)
Scrolls
 c - a scroll of blinking
 f - 4 scrolls of identify {unknown}
 i - a scroll of fog {unknown}
 l - 2 scrolls of enchant weapon {unknown}
 m - 2 scrolls of fear {unknown}
 r - 2 scrolls of magic mapping {unknown}
 t - 4 scrolls of teleportation {unknown}
 u - a scroll of remove curse
Potions
 b - 3 potions of curing
 h - a potion of magic {unknown}
 j - 3 potions of resistance {unknown}
 k - 3 potions of haste {unknown}
 n - a potion of berserk rage {unknown}
 q - a potion of degeneration {unknown}
 s - 2 potions of invisibility {unknown}
 v - 4 potions of heal wounds {unknown}
 w - a potion of brilliance {unknown}


   Skills:
 - Level 1.7 Dodging
 - Level 1.7 Stealth
 + Level 3.8 Spellcasting
 + Level 3.6 Conjurations
 + Level 4.6 Fire Magic


You had 2 spell levels left.
You knew the following spells:

 Your Spells              Type           Power        Failure   Level
a - Foxfire               Conj/Fire      68%          1%          1
b - Sticky Flame          Conj/Fire      17%          12%         4
c - Fireball              Conj/Fire      8%           32%         5

Your spell library contained the following spells:

 Spells                   Type           Power        Failure   Level
 Sandblast                Erth           6%           6%          1
 Conjure Flame            Conj/Fire      17%          3%          3
 Inner Flame              Hex/Fire       11%          8%          3


Dungeon Overview and Level Annotations

Branches:
Dungeon (5/15)
 Temple: D:4-7

Altars:
Ashenzari
Cheibriados
Fedhas
Vehumet

Annotations:
D:4 Blork the orc


Innate Abilities, Weirdness & Mutations

Your plain brown scales are hard. (AC +6)
You cannot fit into any form of body armour.
You are cold-blooded and may be slowed by cold attacks.


Message History

The foxfire hits Blork the orc.
Blork the orc is heavily wounded.
The foxfire hits Blork the orc.
Blork the orc is severely wounded.
Blork the orc hits you but does no damage.
Blork the orc points at you and mumbles some strange words.
The puff of frost misses you.
Blork the orc screams, "I don't like you!"
Blork the orc hits you with a +1 war axe of electrocution.
Blork the orc miscasts a cantrip.
There is an open door here.
Blork the orc gestures at you while chanting.
The puff of flame hits you.
Blork the orc looks satisfied for a moment.
Blork the orc casts a spell at you. The puff of frost hits you.
* * * LOW HITPOINT WARNING * * *
Blork the orc gestures at you while chanting.
The puff of frost hits you!
You die...

### #.. #####.#
######### #.....#
#.<.@.o.# ##'#####
#######.######......#
####.#....'......#
####....#.####......#
............(...#####
##........#####.#
#........# #.##
#........# #..####
#........# #)...).


You could see Blork the orc (fast).

Vanquished Creatures
  An orc wizard (D:3)
  Natasha (thrice) (D:3)
  Robin (D:2)
  10 adders
  An ooze (D:4)
  5 dart slugs
  A leopard gecko (D:3)
  6 orcs
  A ball python (D:2)
  7 bats
  4 giant cockroaches
  16 goblins
  15 hobgoblins
  A quokka (D:2)
  3 frilled lizards
  8 kobolds
  6 rats
89 creatures vanquished.

Vanquished Creatures (others)
  152 foxfires
152 creatures vanquished.

Grand Total: 241 creatures vanquished

Notes
Turn   | Place    | Note
-------+----------+-------------------------------------------
     0 | D:1      | nothank2 the Draconian Fire Elementalist began the quest
                  | for the Orb.
     0 | D:1      | Reached XP level 1. HP: 14/14 MP: 3/3
   274 | D:1      | Reached XP level 2. HP: 20/20 MP: 5/5
  1074 | D:1      | Reached XP level 3. HP: 23/26 MP: 2/6
  2016 | D:2      | Reached XP level 4. HP: 33/33 MP: 8/8
  2022 | D:2      | Learned a level 4 spell: Sticky Flame
  2247 | D:2      | Found a snail-covered altar of Cheibriados.
  2695 | D:2      | Noticed Robin
  2713 | D:2      | Killed Robin
  2714 | D:2      | Reached skill level 4 in Fire Magic
  2846 | D:2      | Found a broken altar of Ashenzari.
  3026 | D:2      | Reached XP level 5. HP: 38/38 MP: 6/9
  3088 | D:2      | Learned a level 5 spell: Fireball
  3224 | D:3      | Found a radiant altar of Vehumet.
  3233 | D:3      | Became a worshipper of Vehumet
  3336 | D:3      | Noticed Natasha
  3344 | D:3      | Killed Natasha
  3348 | D:3      | Noticed Natasha
  3364 | D:3      | Killed Natasha
  3626 | D:3      | You fall into a shaft and drop 2 floors!
  3626 | D:5      | Entered Level 5 of the Dungeon
  3636 | D:4      | Noticed Blork the orc
  3643 | D:3      | Noticed Natasha
  3651 | D:3      | Killed Natasha
  3756 | D:3      | Found a blossoming altar of Fedhas.
  3798 | D:3      | Reached XP level 6. HP: 45/45 MP: 8/11
  3806 | D:3      | Reached * piety under Vehumet
  3806 | D:3      | Offered knowledge of Sandblast by Vehumet.
  4146 | D:4      | Killed from afar by Blork the orc

Illustrated notes

Levels and vault maps discovered:
D:1:      dpeg_arrival_tiny_b, layout_basic, minmay_nonomino_d4
D:2:      layout_basic, nicolae_ashenzari_panopticon, kennysheep_slug_shrine,
          minmay_misc_feat_plants, uniq_robin
D:3:      layout_rooms, lemuel_crystal_altar, minivault_4, fedhas_altar_4,
          uniq_natasha
D:4:      layout_basic, uniq_blork_the_orc, uniq_ijyb
D:5:      minmay_diamond_boxcup, layout_gridville,
          nicolae_overflow_hidden_temple, grunt_qazlal_sundering, serial_shops,
          shop, minmay_gold_behind_fungi, hangedman_decor_push, fountainhead,
          hangedman_decor_peaks_small

Skill      XL: |  1  2  3  4  5 |
---------------+----------------+-----
Conjurations   | 2 3 |  3.6
Spellcasting   | 3 |  3.8
Fire Magic     | 4 |  4.6
Dodging        | |  1.7
Stealth        | |  1.7

Action                   |  1- 3 |  4- 6 || total
-------------------------+-------+-------++-------
Melee: Mace              |    41 |       ||    41
       Unarmed           |     2 |       ||     2
       Tailslap          |     5 |     3 ||     8
       Short sword       |    17 |    52 ||    69
 Cast: Foxfire           |    31 |    63 ||    94
  Use: Scroll            |     3 |       ||     3
       Potion            |     1 |       ||     1
 Stab: Sleeping          |     2 |     1 ||     3
Armor: Skin              |    27 |    16 ||    43
Dodge: Dodged            |    50 |    34 ||    84
